 Dungeon Crawl Stone Soup version 0.17.0-28-g6e173f8 (webtiles) character file.

3829 Holeefuk the Cleaver (level 10, -2/91 HPs)
             Began as a Hill Orc Fighter on Dec 1, 2015.
             Was a Priest of Okawaru.
             Slain by a killer bee (7 damage)
             ... on level 9 of the Dungeon.
             The game lasted 00:22:42 (6117 turns).

Holeefuk the Cleaver (Hill Orc Fighter)             Turns: 6117, Time: 00:22:42

Health: -2/91      AC: 17    Str: 23    XL:     10   Next: 17%
Magic:  9/10       EV: 18    Int:  8    God:    Okawaru [***...]
Gold:   359        SH: 12    Dex: 15    Spells: 0 memorised, 9 levels left

rFire  + . .     SeeInvis .     a - +0 war axe
rCold  x . .     Clarity  .     b - +0 scale mail
rNeg   . . .     SustAt   .     c - +0 shield
rPois  .         Gourm    .     l - +0 helmet
rElec  .         Spirit   .     g - +1 cloak
rCorr  .         Warding  .     w - +0 pair of gloves
rMut   .         Stasis   .     p - +0 pair of boots
MR     .....                    (no amulet)
Stlth  ++........               K - ring of fire
                                i - ring of loudness (curse)

@: agile, lethally poisoned (-2 -> -9), heroism, not resistant to hostile
enchantments, unstealthy
A: no striking features
a: Heroism, Renounce Religion


You were on level 9 of the Dungeon.
You worshipped Okawaru.
Okawaru was most pleased with you.
You were not hungry.

You visited 2 branches of the dungeon, and saw 10 of its levels.

You collected 359 gold pieces.

Inventory:

Hand Weapons
 a - a +0 war axe (weapon)
Armour
 b - a +0 scale mail (worn)
 c - a +0 shield (worn)
 g - a +1 cloak (worn)
 l - a +0 helmet (worn)
 p - a +0 pair of boots (worn)
 w - a +0 pair of gloves (worn)
Jewellery
 i - a cursed ring of loudness (left hand)
 y - a +4 ring of intelligence
 D - an uncursed ring of protection from fire
 K - a ring of fire (right hand)
Wands
 s - a wand of fire (7)
 H - a wand of random effects (28)
 L - a wand of disintegration (15)
Scrolls
 h - a scroll of recharging {unknown}
 k - 5 scrolls of identify {unknown}
 o - 3 scrolls of amnesia {unknown}
 r - a scroll of magic mapping {unknown}
 x - 3 scrolls of enchant armour {unknown}
 A - a scroll of fog {unknown}
 B - a scroll of teleportation {unknown}
 C - a scroll of blinking {unknown}
 E - a scroll of noise {unknown}
 F - a scroll of remove curse {unknown}
Potions
 d - a potion of might
 f - a potion of lignification {unknown}
 m - a potion of cancellation {unknown}
 n - a potion of resistance {unknown}
 q - a potion of haste {unknown}
 t - a potion of agility
 u - a potion of poison {unknown}
 z - a potion of invisibility {unknown}
 G - a potion of magic {unknown}
 I - a potion of flight {unknown}
Books
 j - a book of Minor Magic

   Spells                             Type                      Level
   a - Magic Dart                     Conjuration                  1
   b - Blink                          Translocation                2
   c - Call Imp                       Summoning                    2
   d - Repel Missiles                 Charms/Air                   2
   e - Slow                           Hexes                        2
   f - Conjure Flame                  Conjuration/Fire             3
   g - Mephitic Cloud                 Conjuration/Poison/Air       3
Comestibles
 e - 2 bread rations
 v - 4 meat rations
 J - a chunk of flesh


   Skills:
 - Level 9.4(14.4) Fighting
 - Level 11.8(16.8) Axes
 - Level 9.2(14.2) Armour
 * Level 2.5(7.5) Dodging
 - Level 3.2(8.2) Shields


You had 9 spell levels left.
You didn't know any spells.

Dungeon Overview and Level Annotations

Branches:
Dungeon (9/15)             Temple (1/1) D:5
   Lair: D:8-11         Orc: D:9-12

Altars:
Ashenzari
Cheibriados
Dithmenos
Elyvilon
Fedhas
Gozag
Kikubaaqudgha
Makhleb
Nemelex Xobeh
Okawaru
Qazlal
Ru
Sif Muna
Xom
Yredelemnul
Zin
The Shining One


Message History

The centaur hits you but does no damage.
The killer bee stings you but does no damage.
The wyvern barely misses you.
A water moccasin and an orc warrior come into view.
You barely miss the hound. You completely miss the hound skeleton.
You barely miss the wyvern. You closely miss the killer bee.
The killer bee is moderately wounded.
The orc warrior shouts!
You slash the centaur!
The centaur is heavily wounded.
You feel sick. The centaur hits you.
* * * LOW HITPOINT WARNING * * *
You block the killer bee's attack. The hound skeleton barely misses you.
The hound barely misses you.
The wyvern bites you but does no damage.
Drink which item? (? for menu, Esc to quit)
You feel agile all of a sudden.
* * * LOW HITPOINT WARNING * * *
You feel sick. The killer bee stings you!
You die...

##....##......
##......##....# .
#........#....# T.
#..?.....#[...# ...
#........#....#....
#...............[..
#....†.Z..........
#....@lT.........
.####hcyo(.......#
..$...ao..........
...<..............
...................
...................
..####....oS......#
.# ..............
...........o..


You could see a troll, an orc warrior, a water moccasin, a wyvern, a centaur, a
hound, a worker ant, a killer bee, 2 orcs and a hound skeleton.

Vanquished Creatures
  2 trolls
  Grinder (D:6)
  A two-headed ogre (D:9)
  A hungry ghost (D:7)
  A wraith (D:7)
  Menkaure (D:6)
  2 orc warriors
  A sky beast (D:7)
  2 ogres
  2 centaurs
  An ice beast (D:8)
  A necrophage (D:9)
  2 giant frogs
  4 scorpions
  2 killer bees (D:9)
  10 wights
  3 crimson imps
  A wasp zombie (D:8)
  A giant frog zombie (D:6)
  5 orc priests
  A hound (D:8)
  2 jellies (D:7)
  3 giant frog skeletons
  An iguana (D:6)
  A worker ant (D:4)
  5 orc wizards
  Robin (D:4)
  4 gnolls
  14 adders
  3 shadow imps (D:6)
  An ooze (D:4)
  An adder skeleton (D:4)
  An adder zombie (D:5)
  A worm (D:3)
  6 giant geckos
  18 orcs
  7 hobgoblins
  7 jackals
  11 kobolds
  9 bats
  5 giant cockroaches
  2 giant newts
  19 goblins
  2 quokkas
  A quokka skeleton (D:4)
  7 rats
177 creatures vanquished.

Vanquished Creatures (others)
  An orc wizard (D:4)
1 creature vanquished.

Grand Total: 178 creatures vanquished

Notes
Turn   | Place    | Note
--------------------------------------------------------------
     0 | D:1      | Holeefuk the Hill Orc Fighter began the quest for the Orb.
     0 | D:1      | Reached XP level 1. HP: 19/19 MP: 1/1
    89 | D:1      | Reached XP level 2. HP: 19/26 MP: 2/2
   192 | D:1      | Reached skill level 4 in Axes
   346 | D:1      | Reached XP level 3. HP: 19/31 MP: 3/3
   770 | D:2      | Reached skill level 5 in Axes
  1034 | D:2      | Reached XP level 4. HP: 26/39 MP: 4/4
  1354 | D:2      | Reached skill level 6 in Axes
  1659 | D:3      | Found an opulent altar of Gozag.
  1872 | D:3      | Reached XP level 5. HP: 41/45 MP: 5/5
  1999 | D:3      | Reached skill level 7 in Axes
  2328 | D:4      | Noticed Robin
  2332 | D:4      | Killed Robin
  2499 | D:4      | Reached skill level 8 in Axes
  2499 | D:4      | Reached XP level 6. HP: 26/51 MP: 6/6
  2993 | D:5      | Entered Level 5 of the Dungeon
  3206 | D:5      | Found a staircase to the Ecumenical Temple.
  3241 | Temple   | Entered the Ecumenical Temple
  3249 | Temple   | Became a worshipper of Warmaster Okawaru
  3339 | D:5      | Reached XP level 7. HP: 55/60 MP: 7/7
  3374 | D:5      | Reached skill level 5 in Fighting
  3642 | D:5      | Found a shadowy altar of Dithmenos.
  3914 | D:6      | Reached XP level 8. HP: 71/74 MP: 8/8
  3978 | D:6      | Noticed Grinder
  3994 | D:6      | Killed Grinder
  3994 | D:6      | Reached * piety under Okawaru
  3994 | D:6      | Reached skill level 9 in Axes
  4010 | D:6      | Noticed a troll
  4015 | D:6      | Reached skill level 10 in Axes
  4023 | D:6      | HP: 3/74 [troll (7)]
  4030 | D:6      | Killed a troll
  4030 | D:6      | Reached skill level 11 in Axes
  4096 | D:6      | Found a shimmering altar of Xom.
  4099 | D:6      | Found an opulent altar of Gozag.
  4187 | D:6      | Reached ** piety under Okawaru
  4317 | D:6      | Noticed Menkaure
  4325 | D:6      | Killed Menkaure
  4325 | D:6      | Reached XP level 9. HP: 34/82 MP: 9/9
  4446 | D:7      | Found a sparkling altar of Nemelex Xobeh.
  4469 | D:7      | HP: 2/82 [wraith (7)]
  4771 | D:7      | Reached skill level 5 in Armour
  5097 | D:7      | Found a stormy altar of Qazlal.
  5388 | D:8      | HP: 2/84 [orc priest/divine providence (7)]
  5742 | D:8      | Reached *** piety under Okawaru
  5845 | D:8      | Got a pair of heavily runed gloves
  5851 | D:8      | Identified the +0 pair of gloves of Idealism {rPois rC+ rN+ Str+3 Slay-3} (You found it on level 8 of the Dungeon)
  5981 | D:8      | Reached XP level 10. HP: 28/91 MP: 10/10
  6101 | D:8      | You fall through a shaft!
  6112 | D:9      | Reached skill level 1 in Dodging
  6117 | D:9      | Slain by a killer bee

Action                   |  1- 3 |  4- 6 |  7- 9 | 10-12 || total
-------------------------+-------+-------+-------+-------++-------
Melee: War axe           |    92 |   248 |   375 |     8 ||   723
Invok: Heroism           |       |       |     1 |     1 ||     2
  Use: Potion            |       |     3 |     6 |     1 ||    10
  Eat: Chunk             |       |     7 |     3 |     1 ||    11
       Beef jerky        |       |       |     1 |       ||     1
       Pizza             |       |       |     2 |       ||     2
       Bread ration      |       |       |     1 |       ||     1
